 Dungeon Crawl Stone Soup version 0.19.5 (webtiles) character file.

2524 sveltemanboy the Martial Artist (level 9, -4/94 HPs)
             Began as a Demonspawn Monk on Mar 30, 2017.
             Slain by a wight
             ... wielding a cursed +0 dire flail
              (11 damage)
             ... on level 6 of the Dungeon.
             The game lasted 00:16:10 (7550 turns).

sveltemanboy the Martial Artist (Demonspawn Monk)   Turns: 7550, Time: 00:16:11

Health: -4/94      AC:  8    Str: 20    XL:     9   Next: 29%
Magic:  18/18      EV: 11    Int: 12    God:
Gold:   365        SH:  8    Dex: 15    Spells: 0 memorised, 8 levels left

rFire  + . .     SeeInvis .     q - +3 short sword (venom)
rCold  . . .     Gourm    .     j - +1 scale mail {rF+}
rNeg   . . .     Faith    .     h - +0 buckler
rPois  .         Spirit   .     o - +1 hat
rElec  .         Reflect  +     (no cloak)
rCorr  .         Harm     .     (no gloves)
MR     .....                    (no boots)
Stlth  ..........               b - +3 amulet of reflection
                                (no ring)
                                g - ring of magical power

@: berserking, drained, very quick
A: claws 1, hooves 1, horns 1, nightstalker 2
a: no special abilities


You were on level 6 of the Dungeon.
You were not hungry.

You visited 2 branches of the dungeon, and saw 7 of its levels.
You also visited: Ossuary.

You collected 365 gold pieces.

Inventory:

Hand Weapons
 q - a +3 short sword of venom (weapon)
Armour
 h - a +0 buckler (worn)
 j - a +1 scale mail of fire resistance (worn)
 o - a +1 hat (worn)
Jewellery
 b - a +3 amulet of reflection (around neck)
 g - a ring of magical power (left claw)
Wands
 e - a wand of iceblast (4/15)
Scrolls
 d - a scroll of magic mapping
 k - 2 scrolls of remove curse
 n - a scroll of amnesia
 s - a scroll of enchant armour {unknown}
 v - a scroll of blinking
 w - a scroll of teleportation
 y - a scroll of fear {unknown}
 z - a scroll of silence
Potions
 a - 2 potions of lignification
 i - 3 potions of flight
 l - 2 potions of brilliance
 p - 2 potions of cancellation
 u - a potion of might
Comestibles
 c - 4 bread rations
 f - a beef jerky
 m - 5 meat rations


   Skills:
 - Level 3.0(2.7) Fighting
   Level 3.0(2.7) Polearms
 - Level 3.0(2.7) Armour
 - Level 3.1(2.8) Dodging
 - Level 1.7(1.5) Stealth
 - Level 4.1(3.8) Shields
 * Level 9.9(9.6) Unarmed Combat


You had 8 spell levels left.
You didn't know any spells.

Dungeon Overview and Level Annotations

Branches:
Dungeon (6/15)             Temple (1/1) D:6

Altars:
Ashenzari
Elyvilon
Fedhas
Gozag
Hepliaklqana
Makhleb
Nemelex Xobeh
Sif Muna
Trog
Uskayaw
Vehumet
Xom
Yredelemnul
Zin
The Shining One
Lugonu


Innate Abilities, Weirdness & Mutations

You have sharp fingernails.
You have large cloven feet.
You have a pair of small horns on your head.
You are significantly more attuned to the shadows.


Message History

You are too injured to fight recklessly!
You are too injured to fight recklessly!
A wight comes into view. It is wielding a dagger.
The ogre hits you with a giant club!
* * * LOW HITPOINT WARNING * * *
The ogre closely misses you.
You hit the ogre.
You kill the ogre!
A red film seems to cover your vision as you go berserk!
You feel yourself moving faster!
You feel mighty! The wight hits you with a dagger.
* * * LOW HITPOINT WARNING * * *
You feel drained.
You barely miss the wight. You kick the wight. You headbutt the wight!
The wight is severely damaged.
You hit the wight but do no damage. You puncture the wight!
The wight is heavily damaged.
The wight closely misses you. The wight hits you with a dire flail!
You die...

.#≈≈≈≈≈≈≈...z....# ........
.#§≈≈>§§≈.###...## #......
.#≈≈≈§≈§≈.# #...###. #####......
.#.≈≈§≈).####....... #...#......
.#..≈≈§.....#...#####.#...#......
......).....#.)>......#...#......
................z................
............###zz######...#......
............####@######.......^..
.......######.........#..........
######## #.........#..........
...........#..........
......................
................######
z....................
#.#####.######. ..# #.# #.


You could see 3 wights.

Vanquished Creatures
  Pikel (D:4)
  The ghost of spiff the Sneak, a novice NaWr (D:4)
  Prince Ribbit (D:5)
  Sigmund (D:4)
  Eustachio (D:4)
  Edmund (D:4)
  4 ogres
  The ghost of Archimedus the Magician, an amateur GrWz (Ossuary)
  A bullfrog (D:6)
  A water moccasin zombie (Ossuary)
  A bullfrog skeleton (D:6)
  A gnoll shaman (D:6)
  2 hounds (D:6)
  4 orc priests
  An orc wizard (D:6)
  3 worker ants
  2 big kobold zombies (Ossuary)
  A hound zombie (D:6)
  2 mummies (Ossuary)
  Robin (D:2)
  A howler monkey skeleton (D:4)
  12 gnolls
  4 adders
  An ooze (D:2)
  4 adder zombies (Ossuary)
  4 worms
  A dart slug (D:1)
  3 leopard geckos
  9 orcs
  4 giant cockroaches
  3 gnoll zombies (Ossuary)
  14 goblins
  10 hobgoblins
  6 jackals
  11 kobolds
  4 quokkas
  5 bats
  6 frilled lizards
  4 hobgoblin zombies (Ossuary)
  A jackal skeleton (D:5)
  7 kobold zombies (Ossuary)
  A leopard gecko skeleton (D:6)
  5 orc zombies (Ossuary)
  A quokka zombie (D:5)
  9 rats
161 creatures vanquished.

Vanquished Creatures (others)
  2 slaves (D:4)
  2 jackals (D:4)
  A quokka (D:4)
5 creatures vanquished.

Grand Total: 166 creatures vanquished

Notes
Turn   | Place    | Note
-------+----------+-------------------------------------------
     0 | D:1      | sveltemanboy the Demonspawn Monk began the quest for the Orb.
     0 | D:1      | Reached XP level 1. HP: 18/18 MP: 1/1
   450 | D:1      | Gained mutation: You have sharp fingernails. [demonic ancestry]
   450 | D:1      | Reached XP level 2. HP: 24/24 MP: 2/2
   727 | D:1      | Reached skill level 1 in Armour
   727 | D:1      | Reached skill level 1 in Unarmed Combat
   910 | D:1      | Reached XP level 3. HP: 27/29 MP: 3/3
  1324 | D:2      | Found a bloodstained altar of Trog.
  1329 | D:2      | Reached skill level 2 in Unarmed Combat
  1871 | D:1      | Reached XP level 4. HP: 19/35 MP: 4/4
  2370 | D:2      | Noticed Robin
  2486 | D:2      | Killed Robin
  2486 | D:2      | Reached skill level 3 in Unarmed Combat
  2688 | D:3      | Gained mutation: You are slightly more attuned to the shadows. [demonic ancestry]
  2688 | D:3      | Reached XP level 5. HP: 40/41 MP: 5/5
  2707 | D:3      | Found a basalt altar of Yredelemnul.
  2707 | D:3      | Found a shimmering altar of Xom.
  3116 | D:4      | Noticed an ogre
  3145 | D:4      | Noticed Eustachio
  3158 | D:4      | Killed Eustachio
  3158 | D:4      | Reached skill level 1 in Shields
  3158 | D:4      | Reached skill level 4 in Unarmed Combat
  3158 | D:4      | Gained mutation: You have a pair of small horns on your head. [demonic ancestry]
  3158 | D:4      | Reached XP level 6. HP: 44/47 MP: 6/6
  3169 | D:4      | Found a white marble altar of Elyvilon.
  3212 | D:4      | Found a sand-covered staircase.
  3254 | Ossuary  | Entered an ossuary
  3269 | Ossuary  | Noticed Archimedus's ghost (amateur GrWz)
  3290 | Ossuary  | Killed Archimedus's ghost
  3290 | Ossuary  | Reached skill level 5 in Unarmed Combat
  3536 | Ossuary  | Gained mutation: You have large cloven feet. [demonic ancestry]
  3536 | Ossuary  | Reached XP level 7. HP: 13/52 MP: 7/7
  4155 | D:4      | Noticed Sigmund
  4169 | D:4      | Killed Sigmund
  4169 | D:4      | Reached skill level 6 in Unarmed Combat
  4373 | D:4      | Noticed Edmund
  4373 | D:4      | Noticed spiff's ghost (novice NaWr)
  4506 | D:4      | Killed spiff's ghost
  4506 | D:4      | Gained mutation: You are significantly more attuned to the shadows. [demonic ancestry]
  4506 | D:4      | Reached XP level 8. HP: 46/58 MP: 8/8
  4523 | D:4      | Noticed Pikel
  4553 | D:4      | Killed Pikel
  4553 | D:4      | Reached skill level 8 in Unarmed Combat
  4755 | D:4      | Killed Edmund
  4902 | D:5      | Entered Level 5 of the Dungeon
  5057 | D:5      | Found a hazy altar of Hepliaklqana.
  5117 | D:5      | Found a shattered altar of Ashenzari.
  5612 | D:5      | Noticed Prince Ribbit
  5635 | D:5      | Killed Prince Ribbit
  5635 | D:5      | Reached skill level 9 in Unarmed Combat
  5635 | D:5      | Reached XP level 9. HP: 16/63 MP: 9/9
  7093 | D:6      | Found a staircase to the Ecumenical Temple.
  7100 | Temple   | Entered the Ecumenical Temple
  7538 | D:6      | HP: 3/63 [ogre/giant club (14)]
  7550 | D:6      | Slain by a wight

Skill      XL: |  1  2  3  4  5  6  7  8  9 |
---------------+----------------------------+-----
Polearms       | 3 |  3.0
Armour         | 1 2 3 |  3.0
Unarmed Combat | 1 2 3 4 5 6 9 |  9.9
Shields        | 1 2 4 |  4.1
Dodging        | 3 |  3.1
Fighting       | |  3.0
Stealth        | |  1.7

Action                   |  1- 3 |  4- 6 |  7- 9 || total
-------------------------+-------+-------+-------++-------
Melee: Spear             |   118 |       |       ||   118
       Short sword       |    45 |   181 |   259 ||   485
       Punch             |       |     4 |     3 ||     7
       Headbutt          |       |    32 |    61 ||    93
       Kick              |       |       |    78 ||    78
  Use: Potion            |     3 |     3 |    10 ||    16
       Scroll            |       |     4 |     9 ||    13
 Stab: Sleeping          |     1 |     7 |     6 ||    14
       Distracted        |     3 |       |       ||     3
  Eat: Chunk             |     3 |     5 |    10 ||    18
       Fruit             |       |       |     4 ||     4
Armor: Robe              |    18 |     7 |       ||    25
       Ring mail         |       |    50 |    21 ||    71
       Scale mail        |       |       |    45 ||    45
       Skin              |       |       |     2 ||     2
Dodge: Dodged            |    91 |   129 |   113 ||   333
Block: Other             |       |    21 |     6 ||    27
       Reflection        |       |     1 |       ||     1
       Buckler           |       |       |    80 ||    80
